 Dungeon Crawl Stone Soup version 0.27-a0-1381-g81fdcbfb23 (webtiles) character file.

Game seed: 6468134094490390683

1911 Lentor the Cleaver (level 8, -2/73 HPs)
             Began as a Minotaur Berserker on June 30, 2021.
             Was an Elder of Trog.
             Killed from afar by a steam dragon (21 damage)
             ... with a ball of steam
             ... on level 6 of the Dungeon.
             The game lasted 00:14:11 (7002 turns).

Lentor the Cleaver (Minotaur Berserker)             Turns: 7002, Time: 00:14:12

Health: -2/73      AC:  6    Str: 24    XL:     8   Next: 95%
Magic:  7/7        EV: 12    Int:  4    God:    Trog [****..]
Gold:   423        SH:  0    Dex: 10    Spells: 7/7 levels left

rFire    . . .     SeeInvis .   s - +3 hand axe
rCold    . . .     Faith    .   (no shield)
rNeg     . . .     Spirit   .   g - +0 ring mail
rPois    .         Reflect  .   (helmet restricted)
rElec    .         Harm     .   (no cloak)
rCorr    +         Rampage  .   (no gloves)
Will     .....                  (no boots)
Stlth    +.........             (no amulet)
HPRegen  0.22/turn              i - ring of resist corrosion
MPRegen  0.10/turn              (no ring)

@: no status effects
A: horns 2, retaliatory headbutt
a: Renounce Religion, Berserk, Trog's Hand, Brothers in Arms


You were on level 6 of the Dungeon.
You worshipped Trog.
Trog was greatly pleased with you.
You visited 2 branches of the dungeon, and saw 7 of its levels.
You also visited: Sewer.

You collected 423 gold pieces.

Inventory:

Hand Weapons
 k - a +0 war axe
 s - a +3 hand axe (weapon)
Missiles
 b - 221 stones
 C - 8 javelins
 D - 15 poisoned darts
Armour
 g - a +0 ring mail (worn)
Jewellery
 i - a ring of resist corrosion (left hand)
Wands
 y - a wand of acid (9)
 B - a wand of flame (13)
 E - a wand of charming (7)
Scrolls
 c - 2 scrolls of vulnerability {unknown}
 d - 5 scrolls of identify {unknown}
 e - a scroll of summoning {unknown}
 f - 2 scrolls of immolation {unknown}
 h - 5 scrolls of teleportation {unknown}
 m - 4 scrolls of amnesia {unknown}
 p - 4 scrolls of enchant armour {unknown}
 r - a scroll of noise {unknown}
 w - a scroll of enchant weapon {unknown}
 x - 2 scrolls of magic mapping {unknown}
 A - a scroll of blinking {unknown}
 G - a scroll of silence {unknown}
Potions
 a - a potion of lignification {unknown}
 j - a potion of might {unknown}
 l - 7 potions of flight {unknown}
 n - a potion of degeneration {unknown}
 o - a potion of attraction {unknown}
 q - a potion of invisibility {unknown}
 t - 4 potions of curing
 u - 2 potions of brilliance {unknown}
 v - 3 potions of heal wounds {unknown}
 z - a potion of berserk rage {unknown}
 F - a potion of ambrosia {unknown}


   Skills:
 + Level 7.1 Fighting
 + Level 10.0 Axes
 + Level 6.8 Armour
 + Level 4.0 Dodging
 - Level 0.7 Stealth
 * Level 2.2 Evocations


You had 7 spell levels left.
You didn't know any spells.
Your spell library contained the following spells:

 Spells                   Type           Power      Damage    Failure   Level
 Corona                   Hex            0%         N/A       63%         1
 Freeze                   Ice            0%         1d3       63%         1
 Sandblast                Erth           0%         2d4       63%         1
 Ensorcelled Hibernation  Hex/Ice        0%         N/A       77%         2
 Passwall                 Tmut/Erth      0%         N/A       77%         2
 Confusing Touch          Hex            0%         N/A       94%         3
 Dazzling Flash           Conj/Hex       0%         N/A       94%         3
 Frozen Ramparts          Ice            0%         1d2       94%         3
 Ozocubu's Armour         Ice            0%         N/A       94%         3
 Stone Arrow              Conj/Erth      0%         3d7       94%         3
 Tukima's Dance           Hex            0%         N/A       94%         3
 Hailstorm                Conj/Ice       0%         3d3       100%        4
 Petrify                  Tmut/Erth      0%         N/A       100%        4
 Lee's Rapid Deconstruct  Erth           0%         3d5*      100%        5
 Metabolic Englaciation   Hex/Ice        0%         N/A       100%        5


Dungeon Overview and Level Annotations

Branches:
Dungeon (6/15)             Temple (1/1) D:5           Sewer (visited)

Altars:
Ashenzari
Cheibriados
Dithmenos
Elyvilon
Fedhas
Hepliaklqana
Makhleb
Okawaru
Qazlal
Ru
Sif Muna
Trog
Vehumet
Wu Jian
Yredelemnul
Zin
The Shining One

Shops:
D:1 :


Innate Abilities, Weirdness & Mutations

You have a pair of horns on your head.
You reflexively headbutt those who attack you in melee.


Message History

You are engulfed in a cloud of scalding steam.
You slash the steam dragon! Your headbutt misses the steam dragon.
The steam dragon is heavily wounded.
You are engulfed in a cloud of scalding steam.
The steam dragon bites you. The steam dragon closely misses you.
You closely miss the steam dragon. Your headbutt misses the steam dragon.
The steam dragon is heavily wounded.
You hit the steam dragon but do no damage.
You headbutt the steam dragon.
The steam dragon is heavily wounded.
The steam dragon breathes steam at you. The ball of steam misses you.
You hit the steam dragon.
You headbutt the steam dragon, but do no damage.
The steam dragon is heavily wounded.
You are engulfed in a cloud of scalding steam.
The steam dragon misses you. The steam dragon claws you.
You hit the steam dragon. Your headbutt misses the steam dragon.
The steam dragon is severely wounded.
You are engulfed in a cloud of scalding steam.
The steam dragon bites you but does no damage.
The steam dragon claws you.
You closely miss the steam dragon.
The steam dragon is severely wounded.
You are engulfed in a cloud of scalding steam.
The steam dragon bites you. The steam dragon claws you.
You closely miss the steam dragon.
The steam dragon is severely wounded.
You are engulfed in a cloud of scalding steam.
You barely miss the steam dragon.
The steam dragon is severely wounded.
You are engulfed in a cloud of scalding steam.
The steam dragon barely misses you. The steam dragon claws you.
You slash the steam dragon!
The steam dragon is almost dead.
You are engulfed in a cloud of scalding steam.
* * * LOW HITPOINT WARNING * * *
The steam dragon breathes steam at you. The ball of steam hits you!!
You die...

...##.......##......#
..........).##......#
....................#
...##.......##......#
...##.......##......#
....#>.......§.>....#
....#....≈≈≈.#......#
....#....≈[≈.#......#
...##....≈≈≈....@§..#
#### ..........D..#
.....##...§..# .....
#......# ..> #......#
.. #......# #......#
..#....#


You could see a steam dragon (catching breath).

Vanquished Creatures
  Grinder (D:4)
  Eustachio (D:5)
  2 necrophages (D:4)
  An orc warrior (D:6)
  A sky beast (D:6)
  3 ogres
  A kobold brigand (Sewer)
  A gnoll sergeant (D:5)
  2 scorpions
  A water moccasin skeleton (D:6)
  A jelly (D:5)
  5 hounds
  A bullfrog skeleton (D:4)
  2 orc wizards (D:6)
  Natasha (twice) (D:3)
  A killer bee zombie (D:6)
  Robin (D:4)
  7 gnolls
  7 river rats
  6 adders
  A white imp (D:6)
  An ufetubus (D:6)
  A worm (D:2)
  3 dart slugs
  12 orcs
  5 endoplasms
  5 giant cockroaches
  14 goblins
  10 hobgoblins
  7 jackals
  2 quokkas
  11 ball pythons
  8 bats
  6 frilled lizards
  19 kobolds
  25 rats
177 creatures vanquished.

Notes
Turn   | Place    | Note
-------+----------+-------------------------------------------
     0 | D:1      | Lentor the Minotaur Berserker began the quest for the Orb.
     0 | D:1      | Reached XP level 1. HP: 19/19 MP: 0/0
     6 | D:1      | Noticed a polar bear
     6 | D:1      | Noticed a hog
     6 | D:1      | Noticed a killer bee
     7 | D:1      | Noticed a wyvern
     7 | D:1      | Noticed a lindwurm
   122 | D:1      | Reached XP level 2. HP: 26/27 MP: 1/1
   182 | D:1      | Reached skill level 4 in Axes
   268 | D:1      | Found Kuppiem's Book Boutique.
   701 | D:2      | Reached ** piety under Trog
   702 | D:2      | Reached XP level 3. HP: 32/33 MP: 2/2
  1505 | D:3      | Found a faded altar of an unknown god.
  1702 | D:3      | Reached XP level 4. HP: 41/41 MP: 3/3
  2017 | D:3      | Found a glowing golden altar of the Shining One.
  2337 | D:4      | Noticed Natasha
  2431 | D:3      | Killed Natasha
  2432 | D:3      | Reached skill level 5 in Fighting
  2676 | D:3      | Noticed Natasha
  2695 | D:3      | Killed Natasha
  2696 | D:3      | Reached skill level 5 in Axes
  2696 | D:3      | Reached XP level 5. HP: 39/48 MP: 4/4
  2798 | D:4      | Noticed Robin
  2798 | D:4      | Noticed an ogre
  2882 | D:4      | Killed an ogre
  2893 | D:4      | Reached *** piety under Trog
  2894 | D:4      | Reached skill level 6 in Axes
  2894 | D:4      | Reached XP level 6. HP: 49/56 MP: 5/5
  3370 | D:4      | Killed Robin
  3651 | D:4      | Reached skill level 7 in Axes
  3651 | D:4      | Reached skill level 5 in Armour
  3651 | D:4      | Reached XP level 7. HP: 36/59 MP: 6/6
  3924 | D:4      | Noticed Grinder
  3939 | D:4      | Killed Grinder
  4147 | D:5      | Entered Level 5 of the Dungeon
  4196 | D:5      | Found a glowing drain.
  4207 | Sewer    | Entered a sewer
  4356 | Sewer    | Reached **** piety under Trog
  4482 | Sewer    | Reached skill level 8 in Axes
  5006 | D:5      | Found a staircase to the Ecumenical Temple.
  5018 | Temple   | Entered the Ecumenical Temple
  5146 | D:5      | Reached XP level 8. HP: 67/70 MP: 7/7
  5146 | D:5      | Noticed Eustachio
  5153 | D:5      | Killed Eustachio
  5577 | D:5      | Reached skill level 9 in Axes
  5579 | D:5      | Reached skill level 1 in Evocations
  6791 | D:6      | Reached skill level 10 in Axes
  7002 | D:6      | Killed from afar by a steam dragon

Illustrated notes

Levels and vault maps discovered:
D:1:      onia_arrival_zoo_common, layout_basic, serial_shops, shop
D:2:      layout_basic
D:3:      layout_loops_corners, overflow_temple_1_default,
          hellmonk_ecumenical_altar_inner_sanctum, kennysheep_crisscross
D:4:      layout_cave_pools, supply_closet_lemuel, uniq_natasha, uniq_grinder,
          uniq_robin
D:5:      layout_gridville, minmay_temple_entry_glassed_door,
          portal_sewer_entry_b, lightli_minifort, uniq_eustachio
D:6:      layout_gridville, minivault_10, corexii_item_surrounded_by_moat
Temple:   kb_temple_of_zot

Skill      XL: |  1  2  3  4  5  6  7  8 |
---------------+-------------------------+-----
Axes           | 4 5 6 7 8 10 | 10.0
Fighting       | 4 5 6 7 |  7.1
Armour         | 3 4 5 6 |  6.8
Dodging        | 3 4 |  4.0
Evocations     | 2 |  2.2
Stealth        | |  0.7

Action                   |  1- 3 |  4- 6 |  7- 9 || total
-------------------------+-------+-------+-------++-------
Melee: Hand axe          |    96 |       |   180 ||   276
       Headbutt          |    20 |    18 |    44 ||    82
       War axe           |    12 |   102 |     6 ||   120
Invok: Berserk           |       |     3 |     3 ||     6
       Trog's Hand       |       |     1 |     2 ||     3
Armor: Animal skin       |     6 |       |       ||     6
       Ring mail         |    22 |    39 |    53 ||   114
Dodge: Dodged            |    68 |    58 |    85 ||   211

Table legend: (Time is in decaauts)
 A = Elapsed time spent in this place.
 B = Non-inter-level travel time spent in this place.
 C = Inter-level travel time spent in this place.
 D = Time resting spent in this place.
 E = Time spent auto-exploring this place.
 F = Levels seen in this place.
 G = Mean time per level.
                   A        B        C        D        E       F      G
               +--------+--------+--------+--------+--------+-----+--------+
         Total |   7096 |   6726 |    370 |   1183 |   4434 |   8 |  887.0 |
       Dungeon |   6245 |   5890 |    355 |   1183 |   3775 |   6 | 1040.8 |
        Temple |    107 |     92 |     15 |      0 |     90 |   1 |  107.0 |
         Sewer |    743 |    743 |      0 |      0 |    569 |   1 |  743.0 |
               +--------+--------+--------+--------+--------+-----+--------+

Top non-repeatable levels by time:
     D:3: 1985 daAuts
     D:6: 1031 daAuts
     D:5: 982 daAuts
     D:4: 860 daAuts
     D:2: 795 daAuts
   Sewer: 743 daAuts
     D:1: 589 daAuts
  Temple: 107 daAuts
